 Dungeon Crawl Stone Soup version 0.21.1-1-g345015f (webtiles) character file.

11351 SedStubbie the Fighter (level 11, 0/82 HPs)
             Began as an Octopode Hunter on July 19, 2018.
             Was a Follower of Dithmenos.
             Slain by an unseen horror (11 damage)
             ... on level 10 of the Dungeon on July 20, 2018.
             The game lasted 00:58:20 (12804 turns).

SedStubbie the Fighter (Octopode Hunter)           Turns: 12804, Time: 00:58:21

Health: 0/82       AC:  1    Str: 12    XL:     11   Next: 76%
Magic:  11/11      EV: 20    Int: 14    God:    Dithmenos [*.....]
Gold:   510        SH:  8    Dex: 15    Spells: 10/10 levels left

rFire    . . .     SeeInvis .   b - +8 trident of the Octopus King {venom, rElec rPois MR+}
rCold    . . .     Gourm    .   l - +3 buckler
rNeg     . . .     Faith    .   (helmet restricted)
rPois    +         Spirit   .   (no amulet)
rElec    +         Reflect  .   (no ring)
rCorr    +         Harm     .   f - ring of resist corrosion
MR       +....                  (no ring)
Stlth    +++.......             (no ring)
HPRegen  0.23/turn              (no ring)
MPRegen  0.12/turn              (no ring)
                                (no ring)
                                (no ring)

@: wreathed by umbra
A: almost no armour, stealthy swim, amphibious, 8 rings, constrict 8, camouflage
1, gelatinous body 1
a: Renounce Religion


You were on level 10 of the Dungeon.
You worshipped Dithmenos.
Dithmenos was aware of your devotion.
You were not hungry.

You visited 2 branches of the dungeon, and saw 11 of its levels.
You also visited: Ossuary.

You collected 510 gold pieces.

Inventory:

Hand Weapons
 a - a +4 hunting sling
 b - the +8 trident of the Octopus King (weapon) {venom, rElec rPois MR+}
   (You found it on level 6 of the Dungeon)

   It poisons the flesh of those it strikes.
   It insulates you from electricity.
   It protects you from poison.
   It affects your resistance to hostile enchantments.
Missiles
 c - 58 sling bullets
 h - 244 stones (quivered)
Armour
 l - a +3 buckler (worn)
Jewellery
 f - a ring of resist corrosion (right tentacle)
 g - an uncursed amulet of faith
 x - the ring "Haferuen" {rF+++ MR+ Dex-3}
   (You acquired it on level 5 of the Dungeon)

   [ring of protection from magic]

   It affects your dexterity (-3).
   It renders you almost immune to fire.
   It affects your resistance to hostile enchantments.
 E - an uncursed ring of fire
Wands
 j - a wand of polymorph (22)
 B - a wand of acid (1)
 D - a wand of iceblast (23)
Scrolls
 e - 2 scrolls of teleportation
 k - 3 scrolls of identify
 r - 3 scrolls of blinking
 s - 2 scrolls of enchant weapon
 t - 3 scrolls of enchant armour
 w - 2 scrolls of remove curse
 A - 3 scrolls of fog
 F - 2 scrolls of fear
Potions
 i - a potion of heal wounds
 m - 2 potions of brilliance {unknown}
 n - 4 potions of curing
 q - 4 potions of lignification {unknown}
 u - 2 potions of mutation
 v - a potion of invisibility {unknown}
 z - 2 potions of flight {unknown}
 C - 2 potions of might {unknown}
 H - a potion of agility {unknown}
 I - a potion of resistance {unknown}
Books
 o - a book of Flames

   Spells                             Type                      Level
   a - Flame Tongue                   Conjuration/Fire             1
   b - Throw Flame                    Conjuration/Fire             2
   c - Conjure Flame                  Conjuration/Fire             3
   d - Inner Flame                    Hexes/Fire                   3
   e - Sticky Flame                   Conjuration/Fire             4
   f - Fireball                       Conjuration/Fire             5
   Dithmenos disapproves of the use of such an item.
 p - a book of Minor Magic

   Spells                             Type                      Level
   a - Magic Dart                     Conjuration                  1
   b - Blink                          Translocation                2
   c - Call Imp                       Summoning                    2
   d - Slow                           Hexes                        2
   e - Conjure Flame                  Conjuration/Fire             3
   f - Mephitic Cloud                 Conjuration/Poison/Air       3
 y - a book of Changes

   Spells                             Type                      Level
   a - Beastly Appendage              Transmutation                1
   b - Sticks to Snakes               Transmutation                2
   c - Spider Form                    Transmutation/Poison         3
   d - Ice Form                       Ice/Transmutation            4
   e - Blade Hands                    Transmutation                5
Comestibles
 d - 23 rations
 G - 6 chunks of flesh


   Skills:
 + Level 10.4 Fighting
 + Level 9.5 Polearms
 - Level 5.9 Slings
 - Level 10.0 Dodging
 - Level 1.3 Stealth
 + Level 5.1 Shields


You had 10 spell levels left.
You didn't know any spells.

Dungeon Overview and Level Annotations

Branches:
Dungeon (10/15)            Temple (1/1) D:5             Orc (0/2) D:9
   Lair: D:8-11

Altars:
Ashenzari
Cheibriados
Dithmenos
Elyvilon
Gozag
Hepliaklqana
Kikubaaqudgha
Nemelex Xobeh
Qazlal
Ru
Sif Muna
Trog
Uskayaw
Vehumet
Wu Jian
Xom
Yredelemnul
The Shining One

Shops:
D:7 [:*([   D:8 :   D:9 ([

Annotations:
D:4 exclusion: door, Eustachio, Pikel
D:5 Alter's ghost, novice GrFi


Innate Abilities, Weirdness & Mutations

You cannot wear most types of armour.
You are very stealthy in the water. (Stealth+)
You are amphibious.
You can wear up to eight rings at the same time.
You can use your tentacles to constrict eight enemies at once.
Your skin changes colour to match your surroundings (Stealth+).
Your rubbery body absorbs attacks. (AC +1, EV +1)


Message History

Something hits you!
Things that are here:
an uncursed staff of air; an uncursed shortbow; 16 arrows Something hits you.
* * * LOW HITPOINT WARNING * * *
Something completely misses you.
You see here a hippogriff corpse.
Okay, then.
Something closely misses you. Something barely misses you. Something hits you.
* * * LOW HITPOINT WARNING * * *
You barely miss something. Something hits you.
* * * LOW HITPOINT WARNING * * *
Something barely misses you.
You hit something. Your squeeze misses something. Something hits you!
* * * LOW HITPOINT WARNING * * *
You feel better. Something hits you.
* * * LOW HITPOINT WARNING * * *
Something hits you!
You die...

#..# #.. ##..# #..
## ##..## #### ..##
.# ....# .....#..#
.# ....# ........#
.# ...##
#####..|##.# ...#
####...####†#.#
...###.........##..#
.........###÷...@.(#
.......#.....##.####
.......##.#####.#
........#.#####.#
#######.#.......#
#.#....#### #......#
###....# #....#


There were no monsters in sight!

Vanquished Creatures
  Harold (D:9)
  A centaur warrior (D:10)
  3 two-headed ogres
  Urug (D:10)
  Nergalle (D:9)
  Maurice (D:10)
  Psyche (D:9)
  Joseph (D:8)
  A hornet (D:10)
  2 hippogriffs
  A spriggan (D:9)
  A yak (D:10)
  Sigmund (D:6)
  A hungry ghost (D:3)
  3 water moccasins
  2 orc warriors
  A slave (D:4)
  2 sky beasts
  A hornet zombie (D:7)
  3 ice beasts
  A phantom (D:10)
  An ogre (D:8)
  4 centaurs
  A big kobold (D:9)
  7 bullfrogs
  2 gnoll sergeants (D:9)
  3 scorpions
  A wyvern skeleton (D:5)
  10 killer bees
  9 wights
  5 howler monkeys
  7 crimson imps
  A centaur zombie (D:10)
  2 bullfrog zombies
  6 orc priests
  3 hounds
  10 orc wizards
  A gnoll shaman (D:5)
  Terence (D:3)
  4 iguanas
  4 worker ants
  A hound zombie (D:6)
  3 hound skeletons
  12 mummies (Ossuary)
  A worker ant zombie (D:5)
  10 gnolls
  12 adders
  2 shadow imps (D:6)
  An ooze (D:2)
  An adder skeleton (D:8)
  4 worms
  3 dart slugs (D:1)
  6 leopard geckos
  38 orcs
  A ball python (D:1)
  10 giant cockroaches
  3 goblins
  12 hobgoblins
  12 jackals
  5 quokkas
  4 bats
  4 frilled lizards
  4 gnoll skeletons (Ossuary)
  6 kobolds
  2 kobold skeletons (Ossuary)
  2 orc skeletons (Ossuary)
  3 quokka zombies
  21 rats
  11 rat skeletons (Ossuary)
306 creatures vanquished.

Vanquished Creatures (others)
  A wizard (D:6)
1 creature vanquished.

Grand Total: 307 creatures vanquished

Notes
Turn   | Place    | Note
-------+----------+-------------------------------------------
     0 | D:1      | SedStubbie the Octopode Hunter began the quest for the Orb.
     0 | D:1      | Reached XP level 1. HP: 14/14 MP: 1/1
   136 | D:1      | Reached XP level 2. HP: 19/19 MP: 2/2
   332 | D:1      | Reached XP level 3. HP: 24/24 MP: 3/3
  1290 | D:2      | Reached XP level 4. HP: 30/30 MP: 4/4
  1301 | D:2      | Reached skill level 5 in Slings
  1648 | D:2      | Reached XP level 5. HP: 36/36 MP: 5/5
  2226 | D:3      | Noticed Terence
  2238 | D:3      | Killed Terence
  2238 | D:3      | Reached skill level 1 in Shields
  2451 | D:3      | Noticed a hungry ghost
  2477 | D:3      | Killed a hungry ghost
  2477 | D:3      | Reached XP level 6. HP: 31/42 MP: 6/6
  2769 | D:4      | Noticed Eustachio
  3276 | D:4      | Reached XP level 7. HP: 19/47 MP: 7/7
  3472 | D:4      | Found a glowing golden altar of the Shining One.
  3511 | D:4      | Noticed Pikel
  3666 | D:5      | Entered Level 5 of the Dungeon
  3669 | D:4      | pikel and eustachio
  3775 | D:5      | Noticed Alter's ghost (novice GrFi)
  4460 | D:6      | Found an opulent altar of Gozag.
  4496 | D:6      | Found a shattered altar of Ashenzari.
  4497 | D:6      | Identified a scroll of acquirement
  4546 | D:6      | Found the +8 trident of the Octopus King {venom, rElec rPois MR+}
  4623 | D:6      | Reached skill level 1 in Polearms
  4690 | D:6      | Reached XP level 8. HP: 36/54 MP: 8/8
  5011 | D:6      | Reached skill level 5 in Fighting
  5011 | D:6      | Reached skill level 5 in Dodging
  5357 | D:6      | Noticed Sigmund
  5617 | D:6      | Found a bloodstained altar of Trog.
  5620 | D:6      | Noticed a wizard
  5625 | D:6      | Killed a wizard
  5803 | D:7      | Found a shattered altar of Ashenzari.
  5950 | D:7      | Found Jutuew's Antique Weapon Boutique.
  5969 | D:7      | Found Towk's Armour Shoppe.
  6049 | D:7      | Found a glowing golden altar of the Shining One.
  6057 | D:7      | Reached XP level 9. HP: 62/62 MP: 9/9
  6077 | D:7      | Found a sand-covered staircase.
  6088 | Ossuary  | Entered an ossuary
  6641 | D:7      | Found Diuric's Book Shoppe.
  6692 | D:7      | Found Ifarphal's Armour Shoppe.
  6874 | D:7      | Reached skill level 5 in Polearms
  7522 | D:7      | Found Viosypot's Assorted Antiques.
  7832 | D:8      | Found Poizxec's Book Shop.
  8006 | D:8      | Noticed Joseph
  8029 | D:8      | Found a snail-covered altar of Cheibriados.
  8145 | D:8      | Found a sparkling altar of Nemelex Xobeh.
  8167 | D:8      | Found a sacrificial altar of Ru.
  8205 | D:8      | Noticed a two-headed ogre
  8216 | D:8      | Killed a two-headed ogre
  8216 | D:8      | Reached XP level 10. HP: 43/72 MP: 10/10
  8631 | D:9      | Found Ijudex's Antique Armour Shop.
  9076 | D:9      | Noticed Psyche
  9257 | D:9      | Killed Psyche
  9698 | D:9      | Found a staircase to the Orcish Mines.
  9701 | D:9      | Found Zaheqov's Weapon Shop.
  9769 | D:9      | Found a stormy altar of Qazlal.
  9870 | D:8      | Killed Joseph
 10188 | D:6      | Killed Sigmund
 10270 | D:5      | Found a staircase to the Ecumenical Temple.
 10287 | Temple   | Entered the Ecumenical Temple
 10462 | Temple   | Became a worshipper of Dithmenos the Shadowed
 10572 | D:5      | Found a hazy altar of Hepliaklqana.
 10680 | D:5      | Found a shimmering altar of Xom.
 10850 | D:5      | Got a shimmering jade ring
 10851 | D:5      | Identified the ring "Haferuen" {rF+++ MR+ Dex-3} (You acquired it on level 5 of the Dungeon)
 11116 | D:10     | Entered Level 10 of the Dungeon
 11116 | D:10     | Noticed Urug
 11167 | D:10     | Noticed Nergalle
 11167 | D:10     | Noticed Harold
 11182 | D:9      | Killed Nergalle
 11238 | D:9      | Killed Harold
 11238 | D:9      | Reached XP level 11. HP: 44/80 MP: 11/11
 11699 | D:10     | Killed Urug
 12031 | D:10     | Noticed a two-headed ogre
 12038 | D:10     | Killed a two-headed ogre
 12097 | D:10     | Reached * piety under Dithmenos
 12115 | D:10     | Noticed Maurice
 12126 | D:10     | Killed Maurice
 12126 | D:10     | Reached skill level 10 in Fighting
 12126 | D:10     | Reached skill level 10 in Dodging
 12481 | D:10     | Noticed a two-headed ogre
 12495 | D:10     | Killed a two-headed ogre
 12774 | D:10     | Noticed a centaur warrior
 12789 | D:10     | Killed a centaur warrior
 12789 | D:10     | Reached skill level 5 in Shields
 12804 | D:10     | Slain by an unseen horror

Skill      XL: |  1  2  3  4  5  6  7  8  9 10 11 |
---------------+----------------------------------+-----
Slings         | 5 |  5.9
Fighting       | 3 4 6 7 9 10 | 10.4
Dodging        | 3 4 6 7 9 10 | 10.0
Shields        | 2 4 5 |  5.1
Polearms       | 1 4 6 8 9 |  9.5
Stealth        | |  1.3

Action                   |  1- 3 |  4- 6 |  7- 9 | 10-12 || total
-------------------------+-------+-------+-------+-------++-------
Melee: Dagger            |       |     7 |    35 |       ||    42
       Constrict         |       |     3 |    52 |    46 ||   101
       Tentacles         |       |     3 |    38 |    51 ||    92
       Trident           |       |       |   235 |   312 ||   547
 Fire: Hunting sling     |   122 |   200 |    56 |    16 ||   394
Throw: Stone             |       |       |     3 |       ||     3
Evoke: Wand              |       |       |       |     8 ||     8
  Use: Scroll            |     4 |     5 |     8 |     4 ||    21
       Potion            |     1 |     1 |     1 |     3 ||     6
 Stab: Sleeping          |       |       |    26 |    12 ||    38
       Distracted        |       |       |       |     2 ||     2
  Eat: Chunk             |     1 |     5 |     8 |    15 ||    29
       Ration            |       |     2 |     2 |       ||     4
Armor: Skin              |     3 |     3 |     4 |     6 ||    16
Dodge: Dodged            |    44 |    36 |   101 |   149 ||   330
Block: Buckler           |       |    10 |    62 |    85 ||   157
